[Event "*** SCC Grand Prix: Titled Tuesday Blitz"]
[Site "Chess.com"]
[Date "2020.06.09"]
[Round "4"]
[White "Nikithebest"]
[Black "Ural_bogatyr"]
[Result "1/2-1/2"]
[WhiteElo "2444"]
[BlackElo "2304"]
[TimeControl "180+1"]
[EndTime "9:40:45 PDT"]
[Termination "Game drawn by repetition"]

1. e4 e5 2. Nf3 Nc6 3. Nc3 Nf6 4. d4 Bb4 5. Nxe5 Qe7 6. Qd3 Nxe5 7. dxe5 Qxe5 8.
Bd2 O-O 9. O-O-O d5 10. f4 Qh5 11. Nxd5 Nxd5 12. Qxd5 Qxd5 13. exd5 Bxd2+ 14. Rxd2 Rd8 15. g3 Bf5 16. Bg2 Rd6 17. Re1 Kf8 18. c4 b6 19. b3 Rad8 20. Re5 g6 21. Bf3 h5 22. b4 f6 23. Ree2 R6d7 24. c5 a5 25. a3 Bg4 26. Bxg4 hxg4 27. cxb6 cxb6 28. Re6 Kf7 29. Rxb6 axb4 30. axb4 Rxd5 31. Rxd5 Rxd5 32. Kc2 Rd8 33. b5 Rh8 34. Kc3 Rxh2 35. Rd6 Rh1 36. Rd3 Rb1 37. Kc4 Ke6 38. Rb3 Rxb3 39. Kxb3 Kd6 40. Ka4 Kc7 41. Kb4 Kb6 42. Kc4 f5 43. Kd4 Kxb5 44. Ke5 Kc5 45. Kf6 Kd5 46. Kxg6 Ke4 47. Kg5 Kf3 48. Kxf5 Kxg3 49. Ke4 Kh3 50. f5 g3 51. f6 g2 52. f7 g1=Q 53. f8=Q Qe1+ 54. Kd3 Qd1+ 55. Ke3 Qe1+ 56. Kd3 Qd1+ 57. Ke3 Qe1+ 58.
Kd3 1/2-1/2

[Event "*** SCC Grand Prix: Titled Tuesday Blitz"]
[Site "Chess.com"]
[Date "2020.06.09"]
[Round "4"]
[White "SergeyKarjakin"]
[Black "Evgeny_Ermakov1965"]
[Result "1/2-1/2"]
[WhiteElo "2964"]
[BlackElo "2525"]
[TimeControl "180+1"]
[EndTime "9:40:46 PDT"]
[Termination "Game drawn by repetition"]

1. e4 c6 2. Nf3 d5 3. exd5 cxd5 4.
Ne5 Nf6 5. d4 a6 6. Bd3 Nbd7 7.
O-O g6 8. f4 Bg7 9. Nd2 O-O 10.
c3 b5 11. Qe1 Bb7 12. g4 Nxe5 13. fxe5 Nxg4 14. Nf3 Qd7 15. h3 Bc8 16. Qh4 Nxe5 17. Nxe5 Qxh3 18. Qxh3 Bxh3 19. Re1 e6 20. a4 Bxe5 21.
dxe5 Rab8 22. Bg5 bxa4 23. Re2 h5 24. Rxa4 Rb6 25. b4 Rc6 26. Rc2 Bf5 27. Bxf5 exf5 28. Rca2 Rxc3 29. Bf6 Rc4 30. Kh2 Rb8 31. Be7 g5 32.
Rxa6 Kg7 33. Bxg5 Rbxb4 34. Bf6+ Kh7 35. Ra8 Rb3 36. Rh8+ Kg6 37. Rg8+ Kh6 38. Rf8 Kg6 39. Rg8+ Kh6 40. Rd8 Rg4 41. Rxd5 Kg6 42. Rd8 f4 43. Rg8+ Kf5 44. Rh8 h4 45. Rh5+ Kg6 46. Rxh4 Rxh4+ 47. Bxh4 Kf5 48. Bf6 Kg4 49. Kg2 Rg3+ 50. Kf2 Rf3+ 51.
Kg1 Rb3 52. Kg2 Rg3+ 53. Kf1 Rf3+ 54. Ke2 Rb3 55. Ra8 f3+ 56. Kf2 Rb2+ 57. Kf1 Rb1+ 58. Kf2 Rb2+ 59. Kf1 Rb1+ 60. Kf2 Rb2+ 1/2-1/2

[Event "*** SCC Grand Prix: Titled Tuesday Blitz"]
[Site "Chess.com"]
[Date "2020.06.09"]
[Round "4"]
[White "KamlaPasand"]
[Black "totoro9"]
[Result "1-0"]
[WhiteElo "2226"]
[BlackElo "2406"]
[TimeControl "180+1"]
[EndTime "9:40:47 PDT"]
[Termination "KamlaPasand won on time"]

1. e4 c5 2. Nf3 d6 3. d4 Nf6 4. Nc3 cxd4 5. Nxd4 a6 6. Bg5 Nbd7 7. Bc4 g6 8. O-O Bg7 9. f4 O-O 10. Kh1 Qc7 11. Bb3 b5 12. e5 dxe5 13. fxe5 Qxe5 14. Nf3 Qc5 15. Qe2 Bb7 16. Be3 Qc7 17. Bd4 Rad8 18.
Rae1 Ng4 19. Bxg7 Kxg7 20. Ne4 Ndf6 21. Nxf6 exf6 22. h3 Nh6 23. Nh4 Rd4 24. Qf2 Qd8 25.
Kh2 Qd6+ 26. Qg3 Qc6 27. Nf3 Rdd8 28. Qf2 Nf5 29. Re2 Nd4 30. Nxd4 Qd6+ 31. Qg3 Qxd4 32. Ref2 Rd6 33. Rf4 Qb6 34. h4 h5 35. Rf5 Qc6 36. Rxh5 Qxg2+ 37. Qxg2 Bxg2 38. Rg1 gxh5 39. Rxg2+ Kh6 40. Rf2 Rfd8 41. c3 Rd2 42. Kg3 Rxf2 43. Kxf2 Rd2+ 44. Ke3 Rxb2 45. Bxf7 Rh2 46. Kd4 Rxh4+ 47.
Kc5 Rh3 48. Kb6 Rxc3 49. Kxa6 h4 50. Kxb5 h3 51. a4 h2 52. Bd5 Rd3 53. Bc6 Rd6 54. Bf3 Kg5 55. a5 Kf4 56. Bh1 Kg3 57. a6 1-0

[Event "*** SCC Grand Prix: Titled Tuesday Blitz"]
[Site "Chess.com"]
[Date "2020.06.09"]
[Round "4"]
[White "lucachess49"]
[Black "Fh2411"]
[Result "1-0"]
[WhiteElo "2314"]
[BlackElo "2421"]
[TimeControl "180+1"]
[EndTime "9:40:48 PDT"]
[Termination "lucachess49 won by resignation"]

1. d4 Nf6 2. c4 e6 3. Nc3 Bb4 4. e3 O-O 5. Ne2 Re8 6. a3 Bf8 7.
Ng3 d5 8. Be2 b6 9. cxd5 exd5 10.
O-O c5 11. dxc5 bxc5 12. Nh5 Nxh5 13. Bxh5 Bb7 14. Bf3 Re5 15. b4 cxb4 16. axb4 Bxb4 17. Qb3 a5 18. Rd1 Na6 19. Bb2 Nc5 20. Qa2 Rc8 21.
Nxd5 Bxd5 22. Bxd5 Rxd5 23. Rxd5 Qf8 24. Rad1 Ne6 25.
h3 h6 26. Ba1 Qe8 27. Qb2 Qc6 28. Qe5 Qc2 29. e4 Qe2 30. Rd8+ Bf8 31. R8d2 Qc4 32. Qb2 a4 33. Qa2 Qxe4 34. Re2 Qc6 35. Rde1 Qc4 36. Qxc4 Rxc4 37. Re4 Rxe4 38. Rxe4 a3 39. Ra4 f6 40. Ra8 Kf7 41. Ra7+ Be7 42. f3 Nf4 43. Kf1 Nd3 44. Ke2 Nc1+ 45. Kd1 Nb3 46. Bc3 Ke6 47. Kc2 Nc5 48.
Rxa3 Nd7 49. Ra6+ Kf7 50. Ra7 Ke6 51. Kd2 Nf8 52. Ke2 Ng6 53. g3 h5 54. h4 Bf8 55. f4 Be7 56. Kf3 Kf5 57. Ra5+ Ke6 58.
f5+ Kf7 59. fxg6+ Kxg6 60. Ra7 Bd6 61. Rb7 Bc5 62. Bd2 Bd6 63. Bf4 Bc5 64. Rd7 Bf8 65. Bd6 Bxd6 66. Rxd6 1-0

[Event "*** SCC Grand Prix: Titled Tuesday Blitz"]
[Site "Chess.com"]
[Date "2020.06.09"]
[Round "4"]
[White "MateSchmate"]
[Black "TheBigBadChessDad"]
[Result "1-0"]
[WhiteElo "2435"]
[BlackElo "2243"]
[TimeControl "180+1"]
[EndTime "9:40:48 PDT"]
[Termination "MateSchmate won by checkmate"]

1. e4 e5 2. Nf3 Nf6 3. Nxe5 d6 4. Nf3 Nxe4 5. Nc3 Nxc3 6. bxc3 Be7 7. g3 c6 8. Bg2 O-O 9. O-O d5 10. d3 Nd7 11. Bf4 Nf6 12. h3 h6 13. Kh2 Bd6 14. Qd2 Re8 15. Rab1 b5 16. Nd4 Qc7 17. Bxd6 Qxd6 18.
c4 bxc4 19. dxc4 Ba6 20. Nf5 Qd7 21. Ne3 d4 22. Ng4 Nxg4+ 23. hxg4 Bxc4 24. Rb4 Bxf1 25. Rxd4 Qe6 26. Bxf1 Qe1 27. Qxe1 Rxe1 28. Bd3 Re7 29. a4 a5 30. Rd6 Rc8 31. Bf5 Rce8 32. Rxc6 g6 33. Bd3 Re6 34. Rc5 Re5 35. Rc7 R8e7 36. Rc8+ Kg7 37. f4 Re3 38. Ra8 Re1 39. Rxa5 Ra1 40.
Ra8 Ree1 41. Kg2 Rg1+ 42. Kf3 Rgb1 43. a5 Rb7 44. a6 Rd7 45. Rc8 Rxd3+ 46. cxd3 Rxa6 47.
Rd8 g5 48. fxg5 hxg5 49. Ke4 f6 50. d4 Ra3 51. Kf5 Rf3+ 52. Ke6 Re3+ 53. Kf5 Rf3+ 54.
Ke6 Re3+ 55. Kd7 Rxg3 56. d5 Rxg4 57. d6 Kf7 58. Rh8 Rd4 59. Rh7+ Kg6 60. Rh8 g4 61. Ke6 Re4+ 62. Kd5 Re1 63. d7 Kf5 64. Rh5+ Kf4 65. Kd6 Rd1+ 66. Rd5 Rxd5+ 67. Kxd5 g3 68. d8=Q g2 69.
Qxf6+ Kg3 70. Qg5+ Kf2 71. Qf4+ Kg1 72. Ke4 Kh1 73. Qh4+ Kg1 74. Kf3 Kf1 75. Qf2# 1-0

[Event "*** SCC Grand Prix: Titled Tuesday Blitz"]
[Site "Chess.com"]
[Date "2020.06.09"]
[Round "4"]
[White "Danesz22"]
[Black "Sanyura"]
[Result "1-0"]
[WhiteElo "2360"]
[BlackElo "2491"]
[TimeControl "180+1"]
[EndTime "9:40:49 PDT"]
[Termination "Danesz22 won by resignation"]

1. e4 c5 2. Nf3 e6 3. c3 d5 4. exd5 exd5 5. d4 Bd6 6. dxc5 Bxc5 7. Bb5+ Nc6 8. O-O Ne7 9. Nbd2 a6 10. Bd3 O-O 11. Nb3 Ba7 12. h3 Qd6 13. Bg5 Bf5 14.
Nbd4 Bxd3 15. Qxd3 Nxd4 16. Nxd4 Ng6 17. Nf5 Qd7 18.
Rfe1 Rae8 19. Rad1 h6 20. Bc1 Bb8 21. g3 Rxe1+ 22. Rxe1 Ne5 23. Rxe5 Bxe5 24. Qf3 Re8 25. Qg4 Kh7 26. Qh5 Re6 27. Be3 Rf6 28. g4 Bb8 29.
Bd4 Rg6 30. Bxg7 Bf4 31. Bd4 Qc7 32. Kg2 Be5 33. Nxh6 Rxh6 34. Qf5+ Rg6 35. Bxe5 Qe7 36. Kg3 Qe6 37. Qxe6 Rxe6 38. f4 f6 39. Bd4 b5 40.
Kf3 a5 41. a3 Rc6 42. h4 Kg6 43. h5+ Kh7 44. g5 fxg5 45. fxg5 Re6 46. Kf2 Re4 47. Kf3 Re1 48. Kg4 Rh1 49. g6+ Kh6 50. Be3+ Kg7 51. Kg5 Rh2 52. h6+ Kg8 53. Bd4 Rg2+ 54. Kf5 Rh2 55.
h7+ Kf8 56. h8=Q+ Rxh8 57. Bxh8 b4 58. cxb4 axb4 59. axb4 1-0

[Event "*** SCC Grand Prix: Titled Tuesday Blitz"]
[Site "Chess.com"]
[Date "2020.06.09"]
[Round "4"]
[White "csati17"]
[Black "Paralinch"]
[Result "0-1"]
[WhiteElo "2580"]
[BlackElo "2861"]
[TimeControl "180+1"]
[EndTime "9:40:50 PDT"]
[Termination "Paralinch won by resignation"]

1. c4 c5 2. g3 g6 3. Bg2 Bg7 4. Nc3 Nc6 5. e3 e5 6. Nge2 Nge7 7. O-O O-O 8. d3 d6 9. a3 a5 10. h3 Be6 11. Nd5 Rb8 12. Nec3 Qd7 13. Nb6 Qd8 14.
Nbd5 f5 15. f4 Qd7 16. Kh2 Bf7 17. Rb1 Nxd5 18. Nxd5 Rfe8 19. b4 axb4 20. axb4 e4 21. dxe4 fxe4 22. b5 Na5 23. Qc2 Bxd5 24. cxd5 Qe7 25.
b6 c4 26. Ba3 Rbc8 27. Rb4 c3 28. Rxe4 Qd7 29. Bc1 Rxe4 30. Bxe4 Qb5 31. Rf2 Qxb6 32.
f5 Qb3 33. fxg6 hxg6 34. Qe2 Rf8 35. Rxf8+ Kxf8 36. Bxg6 Qxd5 37. e4 Qe6 38. Qf2+ Qf6 39. Bf5 Nc4 40. Qa7 Qe7 41. Qb8+ Kf7 42. Qc8 Ne5 43. Kg2 b5 44. Qxc3 Qb7 45. Qb3+ Ke7 46.
Bg5+ Kf8 47. Qe6 Nf7 48. Bf4 Be5 49. Be3 b4 50. Qb3 Bc3 51. h4 Qa6 52. Kh3 Qf1+ 53.
Kg4 Ne5+ 54. Kh5 Qf3+ 55. g4 Qxe3 56. Qe6 Qc5 57. g5 Qc7 58. g6 Qe7 59. Qc8+ Kg7 60. Qb8 Nf3 61. Kg4 Nh2+ 62. Kh3 Nf3 63. Kg4 Nxh4 64. Qb5 Nxg6 65. Bxg6 Kxg6 66. Qh5+ Kg7 67. Kf3 Qf7+ 68. Ke2 0-1

[Event "*** SCC Grand Prix: Titled Tuesday Blitz"]
[Site "Chess.com"]
[Date "2020.06.09"]
[Round "4"]
[White "SargissyanSargis"]
[Black "MFguimaraes"]
[Result "0-1"]
[WhiteElo "2298"]
[BlackElo "2457"]
[TimeControl "180+1"]
[EndTime "9:40:53 PDT"]
[Termination "MFguimaraes won by resignation"]

1. e4 e5 2. Nf3 Nc6 3. Bb5 Nf6 4.
d3 Bc5 5. Bxc6 bxc6 6. O-O d6 7. h3 h6 8. c3 O-O 9. Be3 Bxe3 10.
fxe3 c5 11. Nbd2 Rb8 12. b3 Ba6 13. c4 Bc8 14. Qe1 a5 15. Nh4 a4 16. Nf5 Bxf5 17.
Rxf5 g6 18. Rf3 Kg7 19. Qf2 Nh7 20. h4 h5 21. Rf1 f6 22. Kh2 Qd7 23. Rg1 Rf7 24.
Rf1 Rbf8 25. Rg3 axb3 26. axb3 f5 27. exf5 Rxf5 28. Rf3 Nf6 29. Kg1 Ng4 30. Qe2 Qe7 31.
Rxf5 Rxf5 32. Rxf5 gxf5 33. Nf3 e4 34. dxe4 Qxe4 35. Qb2+ Kg6 36. Qd2 Qxe3+ 37. Qxe3 Nxe3 38.
Nd2 f4 39. Kf2 Kf5 40. Kf3 Ng4 41. g3 Ne5+ 42. Kf2 Kg4 43. gxf4 Kxf4 44. Nf1 Nd3+ 45. Ke2 Nc1+ 46. Kd2 Nxb3+ 47. Kd3 Nc1+ 48. Kd2 Nb3+ 49. Kd3 Nd4 50. Ne3 c6 51. Ng2+ Kg4 52. Ne3+ Kxh4 53.
Ke4 Kg3 54. Nf1+ Kf2 55. Ne3 h4 56. Kf4 h3 57. Ng4+ Kg1 58. Kg3 h2 59. Nxh2 Nf5+ 60. Kh3 Ne3 61. Nf3+ Kf2 62. Ng5 Nxc4 63. Ne4+ Ke3 64.
Nf6 d5 65. Kg3 d4 66. Ng4+ Ke2 67. Kf4 d3 0-1

[Event "*** SCC Grand Prix: Titled Tuesday Blitz"]
[Site "Chess.com"]
[Date "2020.06.09"]
[Round "4"]
[White "guillembaches"]
[Black "LionTheLeon_06"]
[Result "0-1"]
[WhiteElo "2485"]
[BlackElo "2691"]
[TimeControl "180+1"]
[EndTime "9:40:54 PDT"]
[Termination "LionTheLeon_06 won on time"]

1. e4 c5 2. Nf3 d6 3. d4 cxd4 4. Nxd4 Nf6 5. Nc3 a6 6. Be2 e5 7. Nf3 Be7 8. Bg5 Be6 9. Bxf6 Bxf6 10. Nd5 Nd7 11. Bc4 Rc8 12. Bb3 O-O 13. O-O Be7 14. Qe2 Nb6 15. Rad1 Nxd5 16. Bxd5 Qb6 17. c3 Rc5 18.
Bxe6 fxe6 19. Ne1 Qc6 20. Nd3 Rc4 21. Rfe1 Qc8 22. g3 b5 23. a3 a5 24. h4 Bd8 25.
Kg2 Bb6 26. Rd2 a4 27. Qg4 Rc7 28. Nb4 Bc5 29. f3 Rcf7 30. Rd3 Rf6 31. h5 h6 32. Rf1 Kh8 33. Rd2 Qb7 34. Nd3 Ba7 35. Re2 Qc6 36. Nb4 Qc4 37. Rd2 Qc7 38. Re2 Qc4 39. Rd2 d5 40.
Rdd1 d4 41. cxd4 Bxd4 42. Nd3 Qc2+ 43. Kh3 Qe2 44. Nb4 Rxf3 45. Rxf3 Qxf3 46. Qxf3 Rxf3 47.
Rc1 Bxb2 48. Rc7 Bxa3 49. Nc6 Bd6 50. Rd7 Bc5 51. Nxe5 Rf6 52. Ng6+ Kh7 53. Rd8 Rxg6 54. hxg6+ Kxg6 55. Rb8 b4 56. Rb5 Be7 57. Kg4 a3 58. Rb6 a2 59. Rxe6+ Kf7 60. Ra6 b3 61. Kf3 Bf6 62.
Ra7+ Kg6 63. e5 Bxe5 64. Ke4 a1=Q 0-1

[Event "*** SCC Grand Prix: Titled Tuesday Blitz"]
[Site "Chess.com"]
[Date "2020.06.09"]
[Round "4"]
[White "TregubovP"]
[Black "colegiodemadrid"]
[Result "1-0"]
[WhiteElo "2566"]
[BlackElo "2369"]
[TimeControl "180+1"]
[EndTime "9:41:00 PDT"]
[Termination "TregubovP won by resignation"]

1. e4 e5 2. Nf3 Nc6 3. Bb5 g6 4. d4 exd4 5. Bg5 Be7 6. Bxe7 Qxe7 7. O-O Qc5 8. Bxc6 dxc6 9. Qxd4 Qxd4 10. Nxd4 Bd7 11.
Nc3 O-O-O 12. Rad1 a6 13. b4 Nf6 14. f3 Ne8 15. Nb3 Be6 16. Rxd8+ Kxd8 17. Nc5 Bc8 18. Rd1+ Ke7 19. Kf2 b6 20. Nd3 Nd6 21. h4 Nc4 22. g4 Rd8 23. Ke2 Be6 24. Nf4 Rxd1 25. Kxd1 Bd7 26. Ke2 a5 27. bxa5 Nxa5 28. Kd3 Kd6 29.
g5 Nb7 30. Kd4 c5+ 31. Ke3 c6 32. a4 Na5 33. Kd3 Bc8 34. h5 Ba6+ 35. Ke3 Nc4+ 36. Kf2 Ke5 37. Nd3+ Kd6 38. h6 Na3 39. f4 Nxc2 40.
Ne5 b5 41. axb5 cxb5 42. Nxf7+ Ke7 43. Ne5 b4 44. Nxg6+ Ke8 45. Na4 Bb5 46. Nxc5 Nd4 47. Ne5 Ne6 48. Nxe6 b3 49. g6 b2 50. gxh7 b1=Q 51. h8=Q+ Ke7 52. Qg7+ Kd6 53. Qc7+ Kxe6 54. Qb6+ Ke7 55. Qc5+ Ke6 56. Qd5+ Ke7 57. Qc5+ Ke6 58.
Qb6+ Ke7 59. Qc7+ Ke6 60. Qf7+ Kd6 61. Qd5+ Ke7 62. Kg3 Qg1+ 63. Kh4 Qh2+ 64. Kg5 Qg3+ 65. Ng4 Be2 66. Qe5+ Kd7 67. Qf5+ Kc6 68. h7 Qh3 69. Qf6+ Kc5 70. Qe5+ Kb4 71. h8=Q Qxg4+ 72. Kf6 Bc4 73. Qhb8+ 1-0

[Event "*** SCC Grand Prix: Titled Tuesday Blitz"]
[Site "Chess.com"]
[Date "2020.06.09"]
[Round "4"]
[White "imdvb6307"]
[Black "AlexSuv"]
[Result "1/2-1/2"]
[WhiteElo "2388"]
[BlackElo "2683"]
[TimeControl "180+1"]
[EndTime "9:41:02 PDT"]
[Termination "Game drawn by repetition"]

1. e4 c5 2. Nf3 e6 3. c4 Nc6 4.
Nc3 Nge7 5. Be2 Nd4 6. O-O Nec6 7. d3 Be7 8. Ne1 O-O 9. f4 a6 10. e5 f6 11. exf6 Bxf6 12. Ne4 Be7 13. Nf3 b5 14. b3 h6 15. Bb2 Rb8 16. Nfd2 d5 17. Ng3 Bf6 18. Rb1 Bd7 19. Bg4 bxc4 20. dxc4 Be8 21.
Bh5 a5 22. Bxe8 Qxe8 23. Nh5 Qg6 24. Nxf6+ Rxf6 25. g3 Rf7 26. Nf3 Nxf3+ 27. Qxf3 Rd8 28. cxd5 exd5 29. Rbd1 Rfd7 30. Qc3 Qd6 31. Rc1 d4 32. Qxc5 Qxc5 33. Rxc5 Nb4 34. Rd1 Nxa2 35. Rxa5 Nc3 36. Bxc3 dxc3 37. Rxd7 Rxd7 38. Rc5 Rd1+ 39. Kg2 Rd2+ 40.
Kf3 c2 41. b4 Rxh2 42. b5 Rh5 43. Rc8+ Kh7 44. b6 Rb5 45. Rxc2 Rxb6 46. Rc3 Rd6 47.
g4 Rf6 48. Kg3 Rf7 49. f5 Re7 50.
Kh4 Rd7 51. Kg3 Rd1 52. Kh3 Rh1+ 53. Kg2 Rd1 54. Rc7 Rd2+ 55. Kg3 Rd6 56. Kf4 Kg8 57. Ke5 Ra6 58. Rc8+ Kh7 59. Rc4 Kg8 60. Kf4 Kh7 61. Ke4 Ra1 62. Kf4 Rf1+ 63. Kg3 Rg1+ 64. Kf3 Rf1+ 65. Kg2 Rd1 66. Kg3 Rd3+ 67. Kf4 Rd7 68.
Ke4 Re7+ 69. Kf4 Rd7 70. Kf3 Re7 71. Kf4 Rd7 1/2-1/2

[Event "*** SCC Grand Prix: Titled Tuesday Blitz"]
[Site "Chess.com"]
[Date "2020.06.09"]
[Round "4"]
[White "vanyakuba"]
[Black "kirillgenius"]
[Result "1-0"]
[WhiteElo "2443"]
[BlackElo "2263"]
[TimeControl "180+1"]
[EndTime "9:41:02 PDT"]
[Termination "vanyakuba won on time"]

1. e4 c5 2. c3 d5 3. exd5 Qxd5 4.
d4 Nf6 5. Nf3 Nc6 6. h3 e6 7.
Bd3 Be7 8. O-O O-O 9. a3 b6 10. c4 Qd8 11. dxc5 Bxc5 12. b4 Be7 13. Bb2 Bb7 14. Qe2 Qc7 15. Nc3 Rac8 16. Nb5 Qb8 17.
Ne5 a6 18. Nxc6 Bxc6 19. Nd4 Bb7 20. Nxe6 fxe6 21. Qxe6+ Rf7 22. Qxb6 Be4 23. Qxb8 Rxb8 24. Be2 a5 25. b5 Bc5 26. Rfd1 Bb7 27. Bd4 Rc8 28. Bxc5 Rxc5 29. Rd8+ Rf8 30. Rad1 Rc8 31. Rxf8+ Kxf8 32. g4 h6 33. h4 g5 34. hxg5 hxg5 35. Rd6 Ke7 36. Rb6 Rc7 37. a4 Bc8 38. f3 Kf7 39.
Bd3 Nd7 40. Rd6 Nc5 41. Be2 Nxa4 42. Rd4 Nc5 43. Kf2 Be6 44. Rd2 a4 45. b6 Rb7 46.
Rb2 Nb3 47. Bd1 Rxb6 48. c5 Rb5 49. Ke3 Ke7 50. Rb1 Kd7 51. Be2 Rb4 52. Rd1+ Kc7 53. Rd6 Bd7 54. Ra6 Nxc5 55. Ra7+ Kd6 56. Ra5 Rb3+ 57.
Kf2 Bc6 58. Bd1 Rb2+ 59. Kg3 Kc7 60. Rxc5 a3 61. Ra5 a2 62. f4 1-0

[Event "*** SCC Grand Prix: Titled Tuesday Blitz"]
[Site "Chess.com"]
[Date "2020.06.09"]
[Round "4"]
[White "willc-h99"]
[Black "ZverevLev"]
[Result "0-1"]
[WhiteElo "2425"]
[BlackElo "2264"]
[TimeControl "180+1"]
[EndTime "9:41:03 PDT"]
[Termination "ZverevLev won by checkmate"]

1. c4 e5 2. g3 Nf6 3. Bg2 d5 4.
cxd5 Nxd5 5. Nc3 Be6 6. Nf3 Nc6 7.
O-O Nb6 8. a3 Be7 9. Rb1 a5 10.
d3 O-O 11. Na4 Nxa4 12. Qxa4 Rb8 13. Bd2 b5 14. Qc2 Qd7 15. Rfc1 Rb6 16. Be3 Ra6 17.
Nd2 Bd5 18. Ne4 f5 19. Nc5 Bxc5 20. Qxc5 Bxg2 21. Kxg2 f4 22. Bd2 Nd4 23. Qxc7 Qd5+ 24. f3 fxg3 25. hxg3 Nxf3 26. exf3 Qxf3+ 27. Kh3 Qh5+ 28. Kg2 Qe2+ 29. Kh3 Qxd2 30. Rc6 Rxc6 31. Qxc6 Qxd3 32.
Qe6+ Kh8 33. Rc1 Qe4 34. Rc8 Qh1+ 35. Kg4 Qf3+ 36. Kh3 Qf1+ 37. Kh2 h6 38. Rxf8+ Qxf8 39. Qxe5 Qf2+ 40. Kh3 Qf1+ 41. Kg4 Qd1+ 42. Kf4 Qd2+ 43.
Ke4 Qe2+ 44. Kf5 Qxe5+ 45. Kxe5 g5 46. g4 Kg7 47. Kf5 Kf7 48. b3 Kg7 49. b4 axb4 50. axb4 Kf7 51. Ke5 Kg6 52. Kd5 h5 53. gxh5+ Kxh5 54.
Kc5 g4 55. Kxb5 g3 56. Ka6 g2 57. b5 g1=Q 58. b6 Qa1+ 59. Kb7 Qb2 60. Ka7 Kg6 61.
b7 Qa3+ 62. Kb6 Qb4+ 63. Kc7 Qc5+ 64. Kd7 Qb6 65. Kc8 Qc6+ 66. Kb8 Kf6 67. Ka7 Qa4+ 68. Kb6 Qb4+ 69. Ka6 Ke6 70. Ka7 Qa5+ 71. Kb8 Kd6 72. Kc8 Qc7# 0-1

[Event "*** SCC Grand Prix: Titled Tuesday Blitz"]
[Site "Chess.com"]
[Date "2020.06.09"]
[Round "4"]
[White "kran900"]
[Black "IAgrest"]
[Result "1-0"]
[WhiteElo "2448"]
[BlackElo "2236"]
[TimeControl "180+1"]
[EndTime "9:41:06 PDT"]
[Termination "kran900 won on time"]

1. e4 e5 2. Nf3 Nc6 3. Bc4 Nf6 4. Ng5 d5 5. exd5 Na5 6. Bb5+ Bd7 7. Be2 Nxd5 8. d3 Be7 9. Nf3 Nc6 10. O-O O-O 11.
Nc3 Nf4 12. Nxe5 Nxe2+ 13. Qxe2 Nxe5 14. Qxe5 Bd6 15. Qh5 Re8 16. Bg5 f6 17. Bd2 Re5 18. Qh4 Qe8 19. Rae1 Qg6 20. Rxe5 Bxe5 21. Bf4 Bc6 22. Bg3 f5 23. Qc4+ Kh8 24. f4 Bf6 25. Nd5 Bxb2 26. Nb4 Be8 27. c3 Ba3 28. Qxc7 Bxb4 29.
cxb4 Bc6 30. Re1 h6 31. d4 Re8 32. Re5 Rxe5 33. Qxe5 Qf7 34. b5 Be8 35. d5 a6 36.
Bf2 Bxb5 37. Bd4 Bc4 38. d6 Be6 39. a3 Kh7 40. h3 Bd7 41. Qc5 Bc6 42. Kh2 Qe6 43.
Qe5 Qxe5 44. fxe5 Kg8 45. g4 fxg4 46. hxg4 Kf7 47. Kg3 Ke6 48. Kf4 Bd7 49. g5 hxg5+ 50. Kxg5 Be8 51. Bc3 Bf7 52. Bd4 Be8 53. Bb2 Bf7 54. Kf4 Be8 55. Ke3 Bf7 56. Kd4 b6 57. Ke3 Be8 58. Kf4 Bf7 59. Bd4 b5 60. Bc5 Be8 61.
Bb6 Bc6 62. Bd8 Be8 63. Be7 Bc6 64. Bf8 g6 65. Be7 Be8 66. Bd8 Bc6 67. Ba5 Be8 68.
Bc3 Bf7 69. Kg5 Be8 70. Kh6 Bf7 71. Kg7 Be8 72. Kf8 Bc6 73. Kg7 Be8 74. Ba5 Kd7 75.
Kf6 Kc6 76. Bb4 1-0

[Event "*** SCC Grand Prix: Titled Tuesday Blitz"]
[Site "Chess.com"]
[Date "2020.06.09"]
[Round "4"]
[White "dretch"]
[Black "GM_dmitrij"]
[Result "1-0"]
[WhiteElo "2804"]
[BlackElo "2962"]
[TimeControl "180+1"]
[EndTime "9:41:12 PDT"]
[Termination "dretch won by checkmate"]

1. d4 Nf6 2. c4 e6 3. Nc3 Bb4 4. Qc2 b6 5. e4 c5 6. a3 Bxc3+ 7. bxc3 Bb7 8. d5 d6 9. Bd3 O-O 10. Ne2 Nbd7 11. f4 b5 12. cxb5 exd5 13. exd5 Bxd5 14.
c4 Bb7 15. O-O Re8 16. Ng3 d5 17. Nf5 Nf8 18. cxd5 Qxd5 19. Bc4 Qe4 20. Qxe4 Nxe4 21. Re1 Ne6 22. Be3 g6 23. Nh6+ Kg7 24. f5 N6g5 25. fxg6 hxg6 26. Ng4 f5 27. Ne5 Rad8 28. Nc6 Bxc6 29.
bxc6 Rc8 30. Ba6 Rxc6 31. Bb5 Rec8 32. Bxc6 Rxc6 33. Bxg5 Nxg5 34. Re7+ Kf6 35. Rxa7 c4 36.
Rc1 c3 37. Rb7 Ne4 38. Rb4 Ke5 39. Kf1 Rd6 40. Ke1 Rd3 41. Rc2 Re3+ 42. Kd1 Rd3+ 43. Kc1 Re3 44. Kb1 Re1+ 45. Ka2 Rh1 46. h3 Rd1 47. a4 Rd5 48. Rb5 Rxb5 49. axb5 Kd4 50. b6 Nc5 51. Ka3 Kc4 52. Rc1 Nb7 53.
Ka4 Nc5+ 54. Ka5 Kd3 55. Kb4 Na6+ 56. Kb5 Nb8 57. Kb4 c2 58. Kb3 Nc6 59. Rxc2 Nd4+ 60. Kb2 Nxc2 61. b7 Ne3 62. b8=Q Ke2 63. Qe8 Kf2 64. Qxg6 f4 65. Qg5 Nxg2 66. h4 f3 67. h5 Ke2 68. h6 Ne3 69. h7 f2 70. Qf6 Nd1+ 71. Kb3 Ne3 72. Qxf2+ Kxf2 73. h8=Q Kf3 74. Kc3 Ke4 75. Qe8+ Kf3 76. Kd3 Ng4 77. Qf8+ Kg3 78. Ke2 Kh4 79. Qf4 Kh5 80. Kf3 Nh6 81. Qe5+ Kg6 82.
Kf4 Nf7 83. Qe6+ Kg7 84. Kf5 Nh6+ 85. Kg5 Nf7+ 86. Kh5 Kg8 87. Kg6 Kh8 88. Kxf7 Kh7 89. Qh3# 1-0

[Event "*** SCC Grand Prix: Titled Tuesday Blitz"]
[Site "Chess.com"]
[Date "2020.06.09"]
[Round "4"]
[White "GM-2023"]
[Black "tylityli"]
[Result "1-0"]
[WhiteElo "2075"]
[BlackElo "2267"]
[TimeControl "180+1"]
[EndTime "9:41:13 PDT"]
[Termination "GM-2023 won on time"]

1. e4 e5 2. Nf3 Nc6 3. d4 exd4 4.
Nxd4 Bc5 5. Nb3 Bb6 6. Nc3 Nf6 7. Bg5 h6 8. Bh4 Qe7 9. Qe2 g5 10. Bg3 d6 11. O-O-O Bd7 12. f4 O-O-O 13. e5 dxe5 14.
fxe5 Bg4 15. exf6 Bxe2 16. fxe7 Rxd1+ 17. Nxd1 Bxd1 18. Kxd1 Nxe7 19. h4 Nf5 20. Be1 Rd8+ 21. Kc1 Ne3 22. Bd2 f5 23. hxg5 hxg5 24. g3 f4 25.
gxf4 gxf4 26. Be2 a5 27. Bc3 a4 28. Nd2 Bc5 29. Rh8 a3 30. b3 Kd7 31. Rxd8+ Kxd8 32. Be5 Bd6 33. Bxd6 cxd6 34. Nc4 Ng2 35. Bf3 Nh4 36.
Bxb7 f3 37. Bxf3 Nxf3 38. Nxd6 Kc7 39. Nb5+ Kc6 40. Nxa3 Kc5 41. Nc4 Kb4 42. Kb2 Kc5 43. a3 Nd4 44. c3 Ne2 45. Nd2 Nf4 46. b4+ Kb5 47. Kb3 Nd3 48. a4+ Kc6 49. b5+ Kc5 50. Ne4+ Kb6 51. Kc4 Nb2+ 52. Kb4 Nd3+ 53. Kb3 Ka5 54.
Nd2 Kb6 55. Nc4+ Kc5 56. Na3 Nc1+ 57. Kc2 Ne2 58. Kb2 Nf4 59. Nc2 Nd3+ 60. Kb3 Nc1+ 61. Kb2 Nd3+ 62. Kb3 Nc1+ 63. Ka3 Kc4 64. b6 Nd3 65. b7 Nc5 66. b8=Q Nxa4 67. Kxa4 Kxc3 68. Qb3+ Kd2 69. Qb4+ Kc1 70. Nd4 1-0

[Event "*** SCC Grand Prix: Titled Tuesday Blitz"]
[Site "Chess.com"]
[Date "2020.06.09"]
[Round "4"]
[White "GuerrieroFromLevant"]
[Black "kingofkolkata"]
[Result "1/2-1/2"]
[WhiteElo "2342"]
[BlackElo "2184"]
[TimeControl "180+1"]
[EndTime "9:41:16 PDT"]
[Termination "Game drawn - insufficient material"]

1. e4 e5 2. Nf3 Nc6 3. Bb5 a6 4.
Ba4 Nf6 5. O-O Be7 6. Re1 b5 7. Bb3 d6 8. h3 O-O 9. c3 Bb7 10. d4 Re8 11. Nbd2 Bf8 12. Ng5 Re7 13. Ndf3 h6 14. Nxf7 Rxf7 15. Bxf7+ Kxf7 16. Qb3+ Kg6 17. Nh4+ Kh7 18. Qf7 Qe8 19. Qxc7 Qd7 20. Qxd7 Nxd7 21.
d5 Ne7 22. Be3 g5 23. Nf3 Ng6 24. g3 Be7 25. Kg2 Rc8 26. a4 bxa4 27. Rxa4 Nc5 28. Rb4 Rc7 29. Bxc5 dxc5 30. Rb6 Bf8 31. c4 Bg7 32. Ra1 Nf8 33. Ra5 Nd7 34. Re6 Bc8 35. Re7 Kg6 36. h4 Bf6 37. Re6 Kf7 38. hxg5 hxg5 39.
Ra1 g4 40. Nd2 Rb7 41. b3 Rb6 42. Rxb6 Nxb6 43. Nb1 Bd8 44. Nc3 Nd7 45. Rh1 Nf6 46. Rh8 Ke7 47. d6+ Kd7 48. Na4 Nxe4 49. f3 gxf3+ 50. Kxf3 Ng5+ 51. Ke2 Ne6 52. g4 Bf6 53.
Rh7+ Kxd6 54. Ra7 Nd4+ 55. Kd3 Bxg4 56. Rxa6+ Ke7 57. Nxc5 Bf5+ 58. Ne4 Nxb3 59. Ra7+ Ke6 60. Ra6+ Ke7 61. Ke3 Bxe4 62. Ra7+ Ke6 63. Kxe4 Nc5+ 64. Ke3 Bg5+ 65. Kf3 Bf4 66. Rc7 Nd3 67. Rc6+ Kd7 68. Rg6 Nb2 69. c5 Nd3 70. c6+ Kc7 71. Ke4 Nb4 72.
Rg7+ Kxc6 73. Rg8 Kc5 74. Rc8+ Nc6 75. Rc7 Kd6 76. Rc8 Nd4 77. Rd8+ Ke6 78. Rxd4 exd4 79. Kxd4 1/2-1/2